NPBL
ILLINOIS JETHAWKS @ NEVADA JACKS
07/23/2098
 
TOP OF THE 1ST
Illinois Jethawks batting - Pitching for Nevada Jacks : RHP Sergio Vargas
Pitching: RHP Sergio Vargas
Batting: LHB Tim Clark 0-0: Called Strike
0-1: Ball
1-1: Fly out, F8 (Flyball, 8RS, EV 82.5 MPH)
Batting: RHB Jan Dooks 0-0: Called Strike
0-1: SINGLE (Line Drive, 6D, EV 98.8 MPH)
Batting: RHB Luis López 0-0: Called Strike
0-1: Swinging Strike
0-2: Fly out, F8 (Flyball, 8LD, EV 93.8 MPH)
Batting: RHB Ercole Mancina 0-0: Foul Ball, location: 9LSF
0-1: Ball
1-1: Ball
2-1: Foul Ball, location: 5F
2-2: Fly out, F8 (Flyball, 8LM, EV 98.1 MPH)
Top of the 1st over - 0 runs, 1 hit, 0 errors, 1 left on base; Illinois 0 - Nevada 0
BOTTOM OF THE 1ST
Nevada Jacks batting - Pitching for Illinois Jethawks : RHP Jesús González
Pitching: RHP Jesús González
Batting: LHB Ed Wilson 0-0: Swinging Strike
0-1: Swinging Strike
0-2: Foul Ball, location: 2F
0-2: Ball
1-2: Foul Ball, location: 2F
1-2: Ball
2-2: Strikes out looking
Batting: LHB Júlio González 0-0: Fly out, F9 (Line Drive, 9S, EV 85.6 MPH)
Batting: RHB Juan Jose Valudez 0-0: Called Strike
0-1: Swinging Strike
0-2: Reached on error, E5 (Groundball, 56, EV 95.0 MPH)
Batting: SHB Jerry Copeland 0-0: Called Strike
0-1: Swinging Strike
0-2: Strikes out swinging
Bottom of the 1st over - 0 runs, 0 hits, 1 error, 1 left on base; Illinois 0 - Nevada 0
TOP OF THE 2ND
Illinois Jethawks batting - Pitching for Nevada Jacks : RHP Sergio Vargas
Batting: LHB Kade Murphy 0-0: Called Strike
0-1: Ball
1-1: Called Strike
1-2: Foul Ball, location: 2F
1-2: Foul Ball, location: 5SF
1-2: Ball
2-2: Ball
3-2: Base on Balls
Batting: RHB Rob Drake 0-0: Foul Ball, location: 9LMF
0-1: Ball
1-1: Swinging Strike
1-2: Ball
2-2: Strikes out swinging
Batting: RHB Juan Méndez 0-0: Fly out, F8 (Line Drive, 8LM, EV 98.1 MPH)
Batting: LHB Giustiniano Belmon 0-0: Fly out, F8 (Flyball, 8RD, EV 90.6 MPH)
Top of the 2nd over - 0 runs, 0 hits, 0 errors, 1 left on base; Illinois 0 - Nevada 0
BOTTOM OF THE 2ND
Nevada Jacks batting - Pitching for Illinois Jethawks : RHP Jesús González
Batting: LHB Billy Campbell 0-0: Called Strike
0-1: Called Strike
0-2: Strikes out swinging
Batting: SHB Vincente Salas 0-0: Ground out 6-3 (Groundball, P, EV 90.0 MPH)
Batting: RHB Nathan Case 0-0: Called Strike
0-1: Ground out 5-3 (Groundball, 56S, EV 86.3 MPH)
Bottom of the 2nd over - 0 runs, 0 hits, 0 errors, 0 left on base; Illinois 0 - Nevada 0
TOP OF THE 3RD
Illinois Jethawks batting - Pitching for Nevada Jacks : RHP Sergio Vargas
Batting: RHB Jesús González 0-0: Swinging Strike
0-1: Called Strike
0-2: Ground out 6-3 (Groundball, 6, EV 101.9 MPH)
Batting: LHB Tim Clark 0-0: Called Strike
0-1: Swinging Strike
0-2: Ball
1-2: Ball
2-2: Strikes out swinging
Batting: RHB Jan Dooks 0-0: Foul Ball, location: 25F
0-1: Foul Ball, location: 3SF
0-2: Ball
1-2: SINGLE (Line Drive, 8LS, EV 88.1 MPH)
Batting: RHB Luis López 0-0: Called Strike
0-1: Ball
1-1: Ball
2-1: Foul Ball, location: 2F
2-2: Ball
3-2: Foul Ball, location: 9LMF
3-2: DOUBLE (Line Drive, 8LXD, EV 107.5 MPH)
Jan Dooks to third
Jan Dooks scores
Batting: RHB Ercole Mancina 0-0: Swinging Strike
0-1: Ball
1-1: Foul Ball, location: 25F
1-2: Ball
2-2: Ball
3-2: Foul Ball, location: 5FF
3-2: Ground out 6-3 (Groundball, 6S, EV 85.6 MPH)
Top of the 3rd over - 1 run, 2 hits, 0 errors, 1 left on base; Illinois 1 - Nevada 0
BOTTOM OF THE 3RD
Nevada Jacks batting - Pitching for Illinois Jethawks : RHP Jesús González
Batting: RHB Tony Llantada 0-0: Swinging Strike
0-1: Ball
1-1: Called Strike
1-2: Ball
2-2: Foul Ball, location: 25F
2-2: Strikes out swinging
Batting: RHB Sergio Vargas 0-0: Called Strike
0-1: Called Strike
0-2: Strikes out swinging
Batting: LHB Ed Wilson 0-0: Fly out, F7 (Flyball, 7LS, EV 92.5 MPH)
Bottom of the 3rd over - 0 runs, 0 hits, 0 errors, 0 left on base; Illinois 1 - Nevada 0
TOP OF THE 4TH
Illinois Jethawks batting - Pitching for Nevada Jacks : RHP Sergio Vargas
Batting: LHB Kade Murphy 0-0: SINGLE (Groundball, 4MD, EV 100.6 MPH)
Batting: RHB Rob Drake 0-0: Swinging Strike
0-1: Called Strike
0-2: Ball
1-2: Strikes out swinging
Batting: RHB Juan Méndez 0-0: Ball
1-0: Fielders Choice at 2nd, 6-4 (Groundball, 6D, EV 104.4 MPH)
Batting: LHB Giustiniano Belmon 0-0: Called Strike
0-1: Ground out 5-3 (Groundball, 56, EV 108.8 MPH)
Top of the 4th over - 0 runs, 1 hit, 0 errors, 1 left on base; Illinois 1 - Nevada 0
BOTTOM OF THE 4TH
Nevada Jacks batting - Pitching for Illinois Jethawks : RHP Jesús González
Batting: LHB Júlio González 0-0: Ball
1-0: Ball
2-0: Called Strike
2-1: Ground out 4-3 (Groundball, 4, EV 90.6 MPH)
Batting: RHB Juan Jose Valudez 0-0: Called Strike
0-1: Ball
1-1: Ball
2-1: Foul Ball, location: 2F
2-2: Foul Ball, location: 2F
2-2: Hit by Pitch
Batting: SHB Jerry Copeland 0-0: Called Strike
0-1: Ball
1-1: Ball
2-1: Called Strike
2-2: Strikes out swinging
Juan Jose Valudez is caught stealing 2nd base 2-6
Batter strikes out.
Bottom of the 4th over - 0 runs, 0 hits, 0 errors, 0 left on base; Illinois 1 - Nevada 0
TOP OF THE 5TH
Illinois Jethawks batting - Pitching for Nevada Jacks : RHP Sergio Vargas
Batting: RHB Jesús González 0-0: Ball
1-0: TRIPLE (Groundball, 5L, EV 103.8 MPH)
Batting: LHB Tim Clark 0-0: Ball
1-0: Called Strike
1-1: Ball
2-1: Ball
3-1: Swinging Strike
3-2: Base on Balls
Batting: RHB Jan Dooks Balk!
Jesús González scores
Tim Clark to second
0-0: Ball
1-0: Called Strike
1-1: Ground out 1-3 (Groundball, 15, EV 70.0 MPH)
Batting: RHB Luis López 0-0: Called Strike
Tim Clark steals 3rd base
0-1: Ball
1-1: Swinging Strike
1-2: 2-RUN HOME RUN (Flyball, 89XD, EV 101.9 MPH), Distance : 403 ft
Batting: RHB Ercole Mancina 0-0: Ball
1-0: Ball
2-0: Fly out, F8 (Line Drive, 8RM, EV 93.1 MPH)
Batting: LHB Kade Murphy 0-0: Foul Ball, location: 3F
0-1: SOLO HOME RUN (Flyball, 7D, EV 95.0 MPH), Distance : 366 ft
Pitching: RHP Ismael Cavazos
Batting: RHB Rob Drake 0-0: Ball
1-0: Swinging Strike
1-1: Ball
2-1: Called Strike
2-2: Ball
3-2: Base on Balls
Batting: RHB Juan Méndez 0-0: Called Strike
0-1: Ball
Rob Drake steals 2nd base
1-1: Ball
2-1: Ground out 2-3 (Groundball, 15S, EV 67.5 MPH)
Top of the 5th over - 4 runs, 3 hits, 0 errors, 1 left on base; Illinois 5 - Nevada 0
BOTTOM OF THE 5TH
Nevada Jacks batting - Pitching for Illinois Jethawks : RHP Jesús González
Batting: LHB Billy Campbell 0-0: SINGLE (Line Drive, 6D, EV 100.0 MPH)
Batting: SHB Vincente Salas 0-0: Fly out, F7 (Flyball, 78S, EV 86.9 MPH)
Batting: RHB Nathan Case 0-0: Called Strike
0-1: Foul Ball, location: 2RF
0-2: Foul Ball, location: 2F
0-2: Strikes out swinging
Batting: RHB Tony Llantada 0-0: Called Strike
0-1: Ball
1-1: Ball
2-1: Foul Ball, location: 2F
2-2: Foul Ball, location: 5SF
2-2: Foul Ball, location: 2F
2-2: Strikes out swinging
Bottom of the 5th over - 0 runs, 1 hit, 0 errors, 1 left on base; Illinois 5 - Nevada 0
TOP OF THE 6TH
Illinois Jethawks batting - Pitching for Nevada Jacks : RHP Ismael Cavazos
Batting: LHB Giustiniano Belmon 0-0: Ball
1-0: Called Strike
1-1: Foul Ball, location: 5F
1-2: Ground out U3 (Groundball, 3S, EV 82.5 MPH)
Batting: RHB Jesús González 0-0: Called Strike
0-1: SINGLE (Line Drive, 4D, EV 105.0 MPH)
Batting: LHB Tim Clark 0-0: Ball
1-0: Called Strike
1-1: Ball
2-1: Called Strike
2-2: Ball
3-2: SINGLE (Line Drive, 4D, EV 101.3 MPH)
Jesús González to second
Batting: RHB Jan Dooks 0-0: Called Strike
0-1: Foul Ball, location: 5F
0-2: Foul Ball, location: 9LMF
0-2: Ball
1-2: Ball
2-2: Fly out, F8 (Flyball, 8RS, EV 86.3 MPH)
Batting: RHB Luis López 0-0: Foul Ball, location: 2F
0-1: Ball
1-1: Foul Ball, location: 3FF
1-2: SINGLE (Line Drive, 9S, EV 90.6 MPH)
Jesús González to third
Tim Clark to second
Batting: RHB Ercole Mancina 0-0: SINGLE (Flyball, 4MD, EV 88.8 MPH)
Jesús González scores
Tim Clark to third
Luis López to second
Runner from 3rd tries for Home, SAFE, throw by CF to home
Batting: LHB Kade Murphy 0-0: Swinging Strike
0-1: Called Strike
0-2: Ball
1-2: Foul Ball, location: 23F
1-2: Ball
2-2: Fly out, F7 (Line Drive, 78M, EV 91.3 MPH)
Top of the 6th over - 2 runs, 4 hits, 0 errors, 2 left on base; Illinois 7 - Nevada 0
BOTTOM OF THE 6TH
Nevada Jacks batting - Pitching for Illinois Jethawks : RHP Jesús González
Pinch Hitting: RHB Jason Neeson 0-0: Ball
1-0: Ball
2-0: Ball
3-0: Base on Balls
Batting: LHB Ed Wilson 0-0: Ball
Passed Ball!
Jason Neeson to second
1-0: Ball
2-0: Called Strike
2-1: Fly out, F9 (Flyball, 9, EV 86.3 MPH)
Batting: LHB Júlio González 0-0: Ball
1-0: SINGLE (Groundball, 13, EV 69.4 MPH) (infield hit)
Jason Neeson to third
Batting: RHB Juan Jose Valudez 0-0: Ball
Júlio González is caught stealing 2nd base 2-4
1-0: Ground out 6-3 (Groundball, 6, EV 98.1 MPH)
Bottom of the 6th over - 0 runs, 1 hit, 0 errors, 1 left on base; Illinois 7 - Nevada 0
TOP OF THE 7TH
Illinois Jethawks batting - Pitching for Nevada Jacks : RHP Ismael Cavazos
Pitching: RHP Juan Vásquez
Batting: RHB Rob Drake 0-0: Called Strike
0-1: Swinging Strike
0-2: Foul Ball, location: 5F
0-2: Fly out, F5 (Line Drive, 56, EV 64.4 MPH)
Batting: RHB Juan Méndez 0-0: Swinging Strike
0-1: Fly out, F9 (Flyball, 9LMF, EV 105.0 MPH)
Batting: LHB Giustiniano Belmon 0-0: Ball
1-0: Ball
2-0: Ground out 4-3 (Groundball, 4D, EV 94.4 MPH)
Top of the 7th over - 0 runs, 0 hits, 0 errors, 0 left on base; Illinois 7 - Nevada 0
BOTTOM OF THE 7TH
Nevada Jacks batting - Pitching for Illinois Jethawks : RHP Jesús González
Batting: SHB Jerry Copeland 0-0: Ball
1-0: Ball
2-0: Called Strike
2-1: Ball
3-1: Base on Balls
Batting: LHB Billy Campbell 0-0: Called Strike
0-1: Grounds into double play, 1-6-3 (Groundball, 13S, EV 73.8 MPH)
Batting: SHB Vincente Salas 0-0: Ball
1-0: Fly out, F3 (Line Drive, 3L, EV 63.8 MPH)
Bottom of the 7th over - 0 runs, 0 hits, 0 errors, 0 left on base; Illinois 7 - Nevada 0
TOP OF THE 8TH
Illinois Jethawks batting - Pitching for Nevada Jacks : RHP Juan Vásquez
Batting: RHB Jesús González 0-0: Ball
1-0: Called Strike
1-1: Swinging Strike
1-2: Ball
2-2: Strikes out swinging
Batting: LHB Tim Clark 0-0: DOUBLE (Line Drive, 78D, EV 99.4 MPH)
Batting: RHB Jan Dooks 0-0: Ground out 6-3 (Groundball, 6, EV 86.3 MPH)
Tim Clark to third
Batting: RHB Luis López 0-0: SINGLE (Line Drive, 34D, EV 98.1 MPH)
Tim Clark scores
Batting: RHB Ercole Mancina 0-0: Ball
Luis López steals 2nd base (no throw)
1-0: Called Strike
1-1: Ball
2-1: 2-RUN HOME RUN (Line Drive, 7D, EV 105.0 MPH), Distance : 384 ft
Pinch Hitting: LHB Jeffery Díaz 0-0: Foul Ball, location: 2F
0-1: Called Strike
0-2: Strikes out looking
Top of the 8th over - 3 runs, 3 hits, 0 errors, 0 left on base; Illinois 10 - Nevada 0
BOTTOM OF THE 8TH
Nevada Jacks batting - Pitching for Illinois Jethawks : RHP Jesús González
Now in LF: Jan Dooks
Now in RF: Jeffery Díaz
Pinch Hitting: LHB Glenn Chaney 0-0: Called Strike
0-1: Ball
1-1: Foul Ball, location: 23FF
1-2: Fly out, F9 (Flyball, 8RM, EV 96.3 MPH)
Batting: RHB Tony Llantada 0-0: Ball
1-0: Swinging Strike
1-1: SINGLE (Line Drive, 34D, EV 109.4 MPH)
Pinch Hitting: RHB Raúl López Balk!
Tony Llantada to second
0-0: Ball
1-0: Ball
2-0: Ball
3-0: Called Strike
3-1: SINGLE (Groundball, 6, EV 88.1 MPH)
Tony Llantada to third
Batting: LHB Ed Wilson 0-0: Ball
1-0: Swinging Strike
1-1: Swinging Strike
1-2: Strikes out swinging
Batting: LHB Júlio González 0-0: Ball
1-0: SINGLE (Line Drive, 78S, EV 91.3 MPH)
Tony Llantada scores
Raúl López to second
Runner from 2nd tries for 3rd, SAFE, throw by LF made to third
Batting: RHB Juan Jose Valudez 0-0: Ball
1-0: Ground out U3 (Groundball, 3, EV 104.4 MPH)
Bottom of the 8th over - 1 run, 3 hits, 0 errors, 2 left on base; Illinois 10 - Nevada 1
TOP OF THE 9TH
Illinois Jethawks batting - Pitching for Nevada Jacks : RHP Juan Vásquez
Pitching: RHP Ed Morris
Now at SS: Raúl López
Pinch Hitting: LHB Ramiro Canseco 0-0: Foul Ball, location: 2F
0-1: Called Strike
0-2: Fly out, F9 (Flyball, 9LM, EV 80.6 MPH)
Batting: RHB Juan Méndez 0-0: Foul Ball, location: 2F
0-1: Ball
1-1: Ground out 6-3 (Groundball, 6, EV 81.9 MPH)
Batting: LHB Giustiniano Belmon 0-0: Swinging Strike
0-1: Foul Ball, location: 3FF
0-2: DOUBLE (Line Drive, 78D, EV 111.3 MPH)
Pinch Hitting: LHB Jeff McCrocken 0-0: Ball
1-0: Called Strike
1-1: Ball
2-1: 2-RUN HOME RUN (Flyball, 89XD, EV 101.9 MPH), Distance : 419 ft
Batting: LHB Tim Clark 0-0: SINGLE (Groundball, 34D, EV 109.4 MPH)
Batting: RHB Jan Dooks 0-0: Ball
1-0: Ball
2-0: Ball
3-0: Called Strike
3-1: Base on Balls
Tim Clark to second
Batting: RHB Luis López 0-0: 3-RUN HOME RUN (Flyball, 89XD, EV 103.1 MPH), Distance : 402 ft
Pitching: LHP Thomas Gentry
Batting: RHB Ercole Mancina 0-0: Called Strike
0-1: Ball
1-1: Called Strike
1-2: DOUBLE (Flyball, 78XD, EV 112.5 MPH)
Batting: LHB Jeffery Díaz 0-0: Called Strike
0-1: Ground out U3 (Groundball, 3S, EV 75.6 MPH)
Top of the 9th over - 5 runs, 5 hits, 0 errors, 1 left on base; Illinois 15 - Nevada 1
BOTTOM OF THE 9TH
Nevada Jacks batting - Pitching for Illinois Jethawks : RHP Jesús González
Pitching: LHP Anthony Taylor
Now at 2B: Juan Méndez
Now at 3B: Ánibal Cruz
Batting: SHB Jerry Copeland 0-0: Ball
1-0: Fly out, F8 (Flyball, 78D, EV 98.1 MPH)
Batting: LHB Billy Campbell 0-0: Called Strike
0-1: Swinging Strike
0-2: Ball
1-2: Foul Ball, location: 3F
1-2: Strikes out looking
Batting: SHB Vincente Salas 0-0: Called Strike
0-1: Fly out, F8 (Flyball, 8RXD, EV 108.1 MPH)
Bottom of the 9th over - 0 runs, 0 hits, 0 errors, 0 left on base; Illinois 15 - Nevada 1
Saturday, May 11th , 2024 - OOTP Baseball 24.6 Build 69